Map: Proxima Station LE

Players

Words

  • Race: Terran Terran
  • Spawn Location: 1:00

SirRobin - Winner!

  • Race: Zerg Zerg
  • Spawn Location: 7:00

Event: WCS Austin 2017

VOD

Have the link to the VOD?

Description

Time

  • Played on: April 28, 2017, 2:27 p.m.
  • Length: 11:19

All games in this series

Show
View Real Time Build Order
Export as new Build Order

Words Terran 

Build Orders: Reaper Expand, MMM Bio 

Get SALT Encoding   

  12  0:01  SCV  
  13  0:13  SCV  
  14  0:18  Supply Depot  
  14  0:25  SCV  
  15  0:39  SCV  
  15  0:40  Barracks  
  16  0:45  Refinery  
  16  0:51  SCV  
  17  1:03  SCV  
  18  1:16  SCV  
  19  1:27  Reaper  
  19  1:29  Orbital Command  
  20  1:43  Command Center  
  20  1:55  SCV  
  20  1:56  Supply Depot  
  20  1:59  Barracks Reactor  
  21  2:07  SCV  
  22  2:10  Barracks  
  22  2:19  SCV  
  23  2:31  SCV  
  24  2:38  Marine x2  
  24  2:42  Refinery  
  26  2:45  Factory  
  26  2:48  SCV  
  27  2:56  Marine x2  
  27  2:57  Barracks Tech Lab  
  29  3:06  Orbital Command  
  29  3:08  SCV  
  30  3:13  Marine  
  30  3:14  Marine  
  30  3:16  Marine  
  30  3:17  Stimpack  
  33  3:20  SCV  
  34  3:32  Factory Reactor  
  34  3:35  Marine x3  
  34  3:37  Starport  
  34  3:40  SCV  
  38  3:41  SCV  
  39  3:52  Marine  
  39  3:53  Marine  
  39  3:55  SCV x2  
  43  4:00  Marine  
  44  4:10  Marine x2  
  45  4:18  SCV  
  46  4:26  Supply Depot x2  
  46  4:31  Factory Tech Lab  
  46  4:34  Engineering Bay  
  46  4:43  Medivac x2, Marine x2, SCV x2  
  54  4:47  Marine  
  54  4:52  Siege Tank  
  58  4:53  Command Center  
  58  4:55  SCV x2  
  58  4:58  Supply Depot  
  60  5:00  Terran Infantry Weapons Level 1  
  60  5:07  SCV x2  
  62  5:21  Marine x3  
  64  5:22  Medivac  
  67  5:38  Marine  
  67  5:41  SCV x2  
  67  5:42  Barracks x2  
  70  5:44  Supply Depot, Barracks  
  70  5:45  Supply Depot  
  70  5:47  Marine  
  70  5:48  Marine  
  72  5:54  SCV x2  
  63  6:05  Marine x2  
  63  6:06  Medivac x2  
  63  6:08  SCV x2, Orbital Command  
  63  6:10  Refinery  
  71  6:12  Refinery  
  71  6:15  Combat Shields  
  71  6:26  SCV x2  
  71  6:28  Marine  
  71  6:29  Marine  
  71  6:30  Barracks Reactor x2  
  75  6:34  Barracks Tech Lab  
  75  6:35  Orbital Command  
  75  6:38  SCV  
  76  6:41  Marine  
  76  6:42  Widow Mine  
  76  6:46  Marine  
  80  7:02  Bunker, Marine x3  
  80  7:03  SCV x2  
  80  7:04  Supply Depot, Marine, SCV  
  80  7:07  Marine x3  
  80  7:08  Marine  
  91  7:19  Supply Depot  
  91  7:20  Widow Mine, Marine x3  
  91  7:21  Medivac x2  
  91  7:22  Marine  
  101  7:23  SCV x3  
  101  7:25  Marine  
  105  7:38  Marauder, Marine  
  105  7:39  Marine x4  
  105  7:41  SCV x3  
  105  7:42  Marine  
  105  7:43  Marine  
  117  7:56  Marine x3  
  117  7:57  Marine x2  
  122  8:00  Marine  
  122  8:01  Marine  
  124  8:06  Supply Depot  
  124  8:07  Supply Depot  
  124  8:08  Supply Depot  
  124  8:10  Supply Depot  
  124  8:11  Medivac  
  125  8:21  Supply Depot  
  125  8:23  Refinery  
  125  8:24  Refinery  
  125  8:27  Terran Infantry Armor Level 1, Marine x6  
  125  8:28  Medivac, Marine  
  125  8:29  Marauder  
  125  8:31  Engineering Bay, Armory  
  136  8:39  Factory Reactor  
  136  8:41  Supply Depot  
  136  8:42  Supply Depot  
  136  8:45  Marine x6  
  136  8:46  Marine  
  143  8:49  Marine  
  144  8:57  Missile Turret  
  144  8:59  Missile Turret  
  144  9:00  Missile Turret  
  144  9:03  Marine  
  144  9:04  Marine x3  
  144  9:05  Missile Turret  
  144  9:06  Missile Turret  
  138  9:19  Missile Turret, Marine x4  
  138  9:21  Marine, SCV x3  
  141  9:35  Missile Turret  
  141  9:42  Marine x4  
  141  9:43  Marine x3  
  141  9:44  Marauder  
  149  9:51  SCV x2  
  149  9:52  SCV  
  152  10:01  Marauder  
  152  10:06  Marine x4  
  160  10:07  Marauder  
  160  10:13  Widow Mine x2  
  164  10:27  Marine  
  164  10:28  Marine x4  
  168  10:29  Marauder x2  
  171  10:52  Marine x5  
  171  10:53  Marauder x2  
Show
View Real Time Build Order
Export as new Build Order

SirRobin Zerg - Winner!

Build Orders: Hatch First, Muta Ling Bane 

Get SALT Encoding   

  12  0:00  Drone  
  13  0:08  Drone  
  14  0:16  Overlord  
  14  0:24  Drone, Extractor  
  15  0:35  Drone x2  
  17  0:51  Hatchery  
  17  0:55  Drone  
  17  0:58  Drone  
  18  1:12  Spawning Pool  
  18  1:13  Extractor  
  18  1:16  Drone  
  17  1:19  Drone  
  18  1:27  Drone  
  19  1:42  Drone  
  20  1:47  Hatchery  
  20  1:49  Drone  
  20  1:59  Queen  
  22  2:07  Queen  
  24  2:12  Zergling x2  
  25  2:17  Overlord  
  25  2:20  Drone  
  26  2:23  Drone  
  26  2:28  Metabolic Boost  
  27  2:34  Drone  
  28  2:42  Queen  
  28  2:44  Drone  
  31  2:46  Drone  
  32  2:52  Drone x2  
  32  2:53  Drone  
  35  3:00  Drone  
  35  3:01  Overlord  
  36  3:06  Drone  
  36  3:11  Drone x3  
  36  3:12  Drone  
  41  3:16  Drone  
  42  3:20  Drone x2  
  42  3:22  Drone  
  42  3:23  Drone  
  46  3:31  Overlord  
  46  3:33  Drone x3  
  46  3:34  Drone  
  49  3:39  Extractor  
  49  3:40  Evolution Chamber, Extractor  
  46  3:42  Drone, Evolution Chamber  
  46  3:43  Drone  
  46  3:47  Drone x2  
  49  3:50  Zergling x4  
  49  3:52  Overlord  
  51  3:56  Overlord  
  51  3:59  Drone x2  
  51  4:00  Zergling x2  
  54  4:06  Queen  
  56  4:14  Zerg Ground Armor Level 1  
  56  4:18  Drone x2  
  56  4:21  Zergling x8  
  56  4:22  Zergling x8  
  66  4:27  Zerg Melee Weapons Level 1  
  66  4:28  Overlord  
  66  4:34  Drone x3  
  66  4:35  Baneling Nest  
  68  4:40  Overlord  
  68  4:52  Queen  
  68  4:54  Zergling x2  
  68  4:55  Zergling x16  
  68  4:58  Lair  
  79  5:33  Drone  
  79  5:34  Drone x10  
  89  5:48  Hatchery  
  88  5:54  Hatchery  
  87  5:59  Extractor x2  
  84  6:09  Zerg Ground Armor Level 2, Centrifical Hooks  
  84  6:23  Drone x5  
  84  6:24  Drone, Overlord  
  90  6:29  Overlord x3  
  90  6:30  Overlord  
  90  6:31  Zerg Melee Weapons Level 2  
  90  6:35  Drone, Spire  
  90  6:39  Spore Crawler  
  89  6:40  Overlord  
  89  6:41  Overlord  
  89  6:42  Queen x2  
  93  6:53  Overseer  
  93  6:59  Overseer  
  92  7:06  Drone  
  92  7:07  Drone x2, Overlord  
  92  7:08  Drone x5  
  100  7:09  Drone x3  
  100  7:11  Drone  
  104  7:16  Baneling x3  
  104  7:17  Baneling x4  
  104  7:24  Overlord  
  104  7:26  Zergling x16  
  104  7:27  Zergling x18  
  121  7:33  Hatchery  
  120  7:44  Extractor  
  119  7:45  Drone x2  
  119  7:46  Overlord  
  119  7:47  Zerg Flyer Weapons Level 1  
  119  7:50  Drone, Infestation Pit  
  121  7:51  Mutalisk  
  121  7:52  Mutalisk x6  
  121  7:54  Zergling x2  
  121  7:55  Zergling x20  
  121  7:57  Baneling x5  
  121  7:58  Baneling  
  146  7:59  Baneling  
  146  8:00  Queen  
  146  8:01  Queen  
  150  8:19  Overlord, Overseer  
  150  8:21  Pneumatized Carapace  
  150  8:22  Mutalisk  
  150  8:24  Zergling x20  
  150  8:25  Zergling x6  
  165  8:44  Hive  
  165  8:47  Overlord x3  
  165  8:48  Zergling x14  
  166  8:49  Zergling x14  
  166  8:50  Baneling  
  166  8:51  Baneling x11  
  179  8:56  Overlord x2  
  175  9:34  Mutalisk x7  
  175  9:37  Overseer  
  189  9:42  Extractor  
  188  9:48  Overlord  
  188  9:50  Drone x3, Extractor  
  188  9:51  Drone, Zergling x2  
  188  9:52  Zergling x14  
  199  10:51  Baneling  
  199  10:52  Baneling x2  
  199  10:56  Baneling x5  
Tags
 
Add a new tag
Caveats
  • Supply blocks, unpowered buildings, or Contaminate may cause inaccurate times.
  • Supply counts are checked every 10 seconds.